 Dungeon Crawl Stone Soup version 0.28.0-47-ge53b351184 (webtiles) character file.

Game seed: 6213319833170447851

6380 MortyMaxwell the Thaumaturge (level 11, -10/73 HPs)
             Began as a Djinni Venom Mage on May 5, 2022.
             Was a Believer of Qazlal.
             Mangled by Psyche
             ... wielding a +4 dagger of distortion
              (19 damage)
             ... on level 8 of the Dungeon.
             The game lasted 00:44:41 (5154 turns).

MortyMaxwell the Thaumaturge (Djinni Venom Mage)    Turns: 5154, Time: 00:44:42

Health: -10/73     AC:  2    Str:  9    XL:     11   Next: 17%
Gold:   319        EV: 18    Int: 19    God:    Qazlal [**....] SH:  7 Dex: 14

rFire   + + .      SeeInvis .   d - +2 dagger (venom)
rCold   x . .      Faith    .   h - +0 buckler
rNeg    . . .      Spirit   .   l - +0 robe {Archmagi}
rPois   ∞          Reflect  .   (no helmet)
rElec   .          Harm     .   (no cloak)
rCorr   .          Rampage  .   (no gloves)
Will    +....      Archmagi +   (boots unavailable)
Stlth   ++........              b - amulet of regeneration
HPRegen 1.02/turn               k - +4 ring of evasion
MPRegen 0.00/turn               (no ring)

@: flying
A: sickness immunity, fire resistance 2, cold vulnerability 1, float, innate
caster, HP casting, extra vitality 1
a: Renounce Religion, Upheaval


You were on level 8 of the Dungeon.
You worshipped Qazlal.
Qazlal was pleased with you.
You visited 1 branch of the dungeon, and saw 8 of its levels.

You collected 319 gold pieces.

Inventory:

Hand Weapons
 d - a +2 dagger of venom (weapon)
Armour
 a - a +0 robe
 h - a +0 buckler (worn)
 l - a +0 robe of the Archmagi (worn)
Jewellery
 b - an amulet of regeneration (around neck)
 k - a +4 ring of evasion (left hand)
 u - a ring of willpower
Wands
 i - a wand of acid (3)
 m - a wand of mindburst (2)
 z - a wand of flame (41)
Scrolls
 s - a scroll of vulnerability
Potions
 c - a potion of berserk rage
 e - a potion of invisibility {unknown}
 f - 2 potions of cancellation {unknown}
 g - a potion of magic {unknown}
 j - a potion of lignification
 n - a potion of brilliance {unknown}
 o - a potion of attraction {unknown}
 p - 2 potions of haste
 q - 2 potions of mutation {unknown}
 r - a potion of flight {unknown}
 t - a potion of might {unknown}
 v - a potion of curing {unknown}
Miscellaneous
 A - a tin of tremorstones (inert)


   Skills:
 * Level 4.2 Fighting
 * Level 4.1 Short Blades
 * Level 3.1 Throwing
 * Level 4.4 Armour
 * Level 5.5 Dodging
 * Level 4.3 Stealth
 * Level 3.9 Shields
 * Level 8.3 Spellcasting
 * Level 4.0 Evocations


You had 3 spell levels left.
You knew the following spells:

 Your Spells              Type           Power      Damage    Failure   Level
a - Sting                 Tmut/Pois      100%       1d8       1%          1
b - Poisonous Vapours     Pois/Air       100%       N/A       1%          2
c - Mephitic Cloud        Conj/Pois/Air  56%        N/A       1%          3
d - Olgreb's Toxic Radia  Pois           56%        N/A       3%          4
e - Magic Dart            Conj           100%       1d8       1%          1
f - Scorch                Fire           100%       2d10      1%          2
g - Searing Ray           Conj           100%       2d8       1%          2
h - Ozocubu's Armour      Ice            56%        N/A       1%          3
i - Iskenderun's Battles  Conj           56%        2d11      10%         5
Your spell library was empty.

Dungeon Overview and Level Annotations

Branches:
Dungeon (8/15)             Temple (0/1) D:5            Lair (0/6) D:8

Altars:
Elyvilon
Qazlal
Sif Muna
Trog

Annotations:
D:8 Psyche


Innate Abilities, Weirdness & Mutations

You are immune to sickness and miasma.
You are immune to poison.
Your flesh is very heat resistant. (rF++)
You are vulnerable to cold. (rC-)
You float through the air rather than walking.
You learn spells naturally, not from books.
Your magical power is your life essence.
You have superior vitality. (+4 MHP)


Message History

The tremorstone explodes into fragments!
The burst of rock shards engulfs Maurice!
The burst of rock shards engulfs Maurice!!
The tin is emptied!
You barely miss Maurice.
Maurice is almost dead.
Maurice barely misses you.
Maurice barely misses himself.
You hit Maurice.
Maurice is poisoned.
Maurice is almost dead.
You hit Maurice.
Maurice looks even sicker.
Maurice is almost dead.
Psyche the Insane Magess comes into view.
She is wielding a +4 dagger of distortion.
Maurice asks, "Where am I?"
You hear a shout! x2
Qazlal accepts your kill.
You feel a bit more experienced.
Your Evocations skill increases to level 4!
Psyche casts a spell.
A swirling arc of seething chaos appears!
The arc of chaos hits you.
* * * LOW HITPOINT WARNING * * *
You hear a shout!
Press: ? - help, v - describe, . - travel
Here: Psyche, wielding a +4 dagger of distortion and wearing a +0 robe The floor.
Casting: Mephitic Cloud (safe; 1% risk of failure)
Confirm with . or Enter, or press ? or * to list all spells.
Aiming: Mephitic Cloud (safe; 1% risk of failure)
Press: ? - help, Shift-Dir - straight line, f - Psyche
Aim: Psyche, wielding a +4 dagger of distortion and wearing a +0 robe (chance to affect: 77%)
You feel a surge of power!
The ball explodes into a vile cloud!
The stinking cloud engulfs Psyche but does no damage.
* * * LOW HITPOINT WARNING * * *
You hear a shout!
Psyche is engulfed in noxious fumes.
Psyche appears confused.
Psyche is engulfed in noxious fumes.
Psyche hits you with a +4 dagger of distortion!
* * * LOW HITPOINT WARNING * * *
Space warps horribly around you!!
You die...

##### #####...##
#.....)..#
#.####.#.###### #
##.#.....§# #
##..######.#
#.##..).)○..#.#
..##
#.'.).♣...<.#.#
...#
####...@...†#.###
....#
##.@######...#
..... ##§# ##.....#
...... #.# #.....#
#.{....
#.####....##...(...
#...Y...r....).....
#######.@......§..#
#.............
#r.....#......


You could see Psyche (confused).

Vanquished Creatures
  3 death yaks (D:8)
  Maurice (D:8)
  Joseph (D:8)
  A kobold demonologist (D:7)
  2 hornets
  6 yaks (D:7)
  A wyvern (D:8)
  Menkaure (D:5)
  Edmund (D:6)
  An ice beast (D:7)
  2 orc warriors
  A sky beast (D:7)
  3 ogres
  2 centaurs
  A kobold brigand (D:4)
  Blork the orc (D:5)
  2 scorpions
  A wyvern zombie (D:6)
  3 howler monkeys (D:8)
  2 bullfrog zombies (D:7)
  5 orc priests (D:7)
  A gnoll shaman (D:7)
  A hound (D:6)
  Crazy Yiuf (D:5)
  A centaur skeleton (D:4)
  2 jellies
  An iguana (D:6)
  4 orc wizards
  2 howler monkey zombies
  8 gnolls
  2 howler monkey skeletons
  9 adders
  3 shadow imps
  An ufetubus (D:5)
  A worm (D:3)
  3 dart slugs
  27 orcs
  5 bats
  8 endoplasms
  4 giant cockroaches
  4 goblins
  6 hobgoblins
  6 jackals
  9 kobolds
  3 quokkas
  10 ball pythons
  5 frilled lizards
  A quokka skeleton (D:4)
  12 rats (D:2)
181 creatures vanquished.

Notes
Turn   | Place    | Note
-------+----------+-------------------------------------------
     0 | D:1      | MortyMaxwell the Djinni Venom Mage began the quest for the
                  | Orb.
     0 | D:1      | Reached XP level 1. HP: 15/15 MP: 0/0
   254 | D:1      | Reached XP level 2. HP: 21/21 MP: 0/0
   606 | D:1      | Reached skill level 3 in Spellcasting
   613 | D:1      | Reached XP level 3. HP: 25/25 MP: 0/0
   613 | D:1      | Learned a level 1 spell: Magic Dart
  1018 | D:2      | Reached XP level 4. HP: 19/31 MP: 0/0
  1425 | D:2      | Reached XP level 5. HP: 28/36 MP: 0/0
  1425 | D:2      | Learned a level 2 spell: Scorch
  1702 | D:2      | Reached skill level 1 in Fighting
  1947 | D:3      | Reached skill level 1 in Short Blades
  2005 | D:3      | Reached skill level 1 in Armour
  2152 | D:3      | Reached XP level 6. HP: 40/42 MP: 0/0
  2403 | D:3      | Reached skill level 4 in Spellcasting
  2525 | D:4      | Noticed an ogre
  2557 | D:4      | Killed an ogre
  2567 | D:4      | Reached XP level 7. HP: 34/47 MP: 0/0
  2567 | D:4      | Learned a level 2 spell: Searing Ray
  2698 | D:4      | Reached skill level 1 in Evocations
  2827 | D:4      | Reached skill level 1 in Shields
  2982 | D:4      | Found a stormy altar of Qazlal.
  2990 | D:4      | Became a worshipper of Qazlal Stormbringer
  3062 | D:4      | Found a white marble altar of Elyvilon.
  3087 | D:5      | Entered Level 5 of the Dungeon
  3200 | D:5      | Noticed Menkaure
  3203 | D:5      | Killed Menkaure
  3204 | D:5      | Reached skill level 5 in Spellcasting
  3204 | D:5      | Reached XP level 8. HP: 52/54 MP: 0/0
  3204 | D:5      | Found a staircase to the Ecumenical Temple.
  3401 | D:5      | Noticed Blork the orc
  3408 | D:5      | Killed Blork the orc
  3577 | D:5      | Found a runed translucent door.
  3578 | D:5      | Noticed Crazy Yiuf
  3586 | D:5      | Killed Crazy Yiuf
  3778 | D:6      | Noticed Edmund
  3786 | D:6      | Reached skill level 1 in Throwing
  3801 | D:6      | Killed Edmund
  3813 | D:6      | Reached XP level 9. HP: 19/59 MP: 0/0
  3813 | D:6      | Learned a level 3 spell: Ozocubu's Armour
  3888 | D:6      | Reached * piety under Qazlal
  3889 | D:6      | Reached skill level 6 in Spellcasting
  4134 | D:6      | Found a bloodstained altar of Trog.
  4252 | D:7      | Noticed a hornet
  4267 | D:7      | Killed a hornet
  4284 | D:7      | Found a transporter.
  4293 | D:7      | Noticed a kobold demonologist
  4307 | D:7      | Killed a kobold demonologist
  4317 | D:7      | Found a transporter.
  4371 | D:7      | Reached skill level 7 in Spellcasting
  4371 | D:7      | Reached XP level 10. HP: 38/67 MP: 0/0
  4699 | D:7      | Reached ** piety under Qazlal
  5108 | D:8      | Found a staircase to the Lair.
  5111 | D:8      | Noticed Joseph
  5112 | D:8      | Noticed Maurice
  5114 | D:8      | Noticed a death yak
  5115 | D:8      | Noticed a death yak
  5118 | D:8      | Noticed a death yak
  5120 | D:8      | Killed Joseph
  5121 | D:8      | Reached skill level 5 in Dodging
  5129 | D:8      | Killed a death yak
  5131 | D:8      | Killed a death yak
  5132 | D:8      | Reached skill level 8 in Spellcasting
  5132 | D:8      | Reached XP level 11. HP: 9/73 MP: 0/0
  5132 | D:8      | Learned a level 5 spell: Iskenderun's Battlesphere
  5138 | D:8      | Killed a death yak
  5149 | D:8      | Noticed Psyche
  5151 | D:8      | Killed Maurice
  5154 | D:8      | Mangled by Psyche

Illustrated notes

Levels and vault maps discovered:
D:1:      minmay_arrival_stair_chambers, layout_loops_ring
D:2:      minmay_chambers_of_ones, layout_loops_cross, minmay_rat_gold_closets
D:3:      layout_rooms
D:4:      layout_cave_pools, kennysheep_mini_moat,
          lemuel_coloured_pillars_altar, corexii_shack
D:5:      layout_cave_pools, tgw_sif, minmay_temple_entry_grid, uniq_menkaure,
          uniq_crazy_yiuf_cottage
D:6:      layout_cave_pools, lightli_temple_of_fire, uniq_edmund
D:7:      gammafunk_wand_slinger, layout_loops_ring
D:8:      layout_cave_pools, dpeg_lair_monsters, enter_ossuary_5,
          grunt_ministairs_14, minmay_misc_feat_room, grunt_tough_drop,
          uniq_joseph, uniq_psyche, uniq_maurice, uniq_maggie

Skill      XL: |  1  2  3  4  5  6  7  8  9 10 11 |
---------------+----------------------------------+-----
Spellcasting   | 3 4 5 7 8 |  8.3
Stealth        | 2 3 4 |  4.3
Fighting       | 1 2 3 4 |  4.2
Short Blades   | 1 2 3 4 |  4.1
Armour         | 1 2 3 4 |  4.4
Dodging        | 3 4 5 |  5.5
Evocations     | 1 2 3 4 |  4.0
Shields        | 1 2 3 |  3.9
Throwing       | 1 2 3 |  3.1

Action                   |  1- 3 |  4- 6 |  7- 9 | 10-12 || total
-------------------------+-------+-------+-------+-------++-------
Melee: Dagger            |    26 |    77 |    26 |    18 ||   147
Throw: Dart              |       |       |     2 |     3 ||     5
 Cast: Sting             |     8 |     1 |     3 |     2 ||    14
       Poisonous Vapours |    11 |    10 |       |       ||    21
       Mephitic Cloud    |     1 |     5 |    14 |     6 ||    26
       Olgreb's Toxic Ra |       |     4 |     5 |     3 ||    12
       Scorch            |       |    28 |    30 |     7 ||    65
       Searing Ray       |       |       |    11 |     5 ||    16
Evoke: Wand              |       |     1 |    13 |     7 ||    21
       Tin of tremorston |       |       |       |     2 ||     2
  Use: Scroll            |     2 |     2 |     4 |     3 ||    11
       Potion            |       |     1 |     1 |       ||     2
 Stab: Sleeping          |       |     7 |     1 |       ||     8
Armor: Robe              |     9 |    21 |     4 |     3 ||    37
Dodge: Dodged            |    26 |    53 |    44 |    20 ||   143
Block: Buckler           |       |     1 |    15 |     5 ||    21
